WCHLSIM.com - West Coast Hockey League
html PUBLIC "-//W3C//DTD XHTML 1.0 Transitional//EN" "http://www.w3.org/TR/xhtml1/DTD/xhtml1-transitional.dtd"> WCHL - Game 206 - BOISE CARIBOUS vs COLORADO GLACIERCATS

BOISE CARIBOUS vs COLORADO GLACIERCATS

Created - 13 décembre 2020 at 21:58

Goals
1 2 3 OT1 T
BOISE CARIBOUS 0 1 2 0 3
COLORADO GLACIERCATS 1 2 0 1 4
Shots
1 2 3 OT1 T
BOISE CARIBOUS 10 17 10 2 39
COLORADO GLACIERCATS 8 17 11 3 39

1st period

1. COLORADO GLACIERCATS , Tomas Hertl 3 (Devon Toews 3) at 16:03

Penalties :
Joel Edmundson (COL) for Hooking (Minor) at 0:37, Luke Glendening (COL) for Hooking (Minor) at 4:19

2nd period

2. COLORADO GLACIERCATS , Tomas Hertl 4 (Brayden Schenn 7, Ryan Ellis 7) at 2:39
3. COLORADO GLACIERCATS , Joonas Donskoi 3 (Dustin Brown 2, Nathan Beaulieu 3) at 10:48
4. BOISE CARIBOUS , Tom Wilson 5 (Carl Soderberg 5, Phil Kessel 7) at 18:45

Penalties :
Darren Helm (BOI) for Holding (Minor) at 7:57

3rd period

5. BOISE CARIBOUS , Dominik Kubalik 4 (Radek Faksa 5, John Klingberg 6) at 0:26
6. BOISE CARIBOUS , Radek Faksa 4 (Dominik Kubalik 2, Andre Burakovsky 6) at 16:07

Penalties :
Joel Edmundson (COL) for Holding (Minor) at 2:41, Joakim Ryan (BOI) for Hooking (Minor) at 5:05, Luke Glendening (COL) for Roughing (Minor) at 10:06, Ilya Lyubushkin (COL) for Hooking (Minor) at 12:50, Dominik Kubalik (BOI) for Hooking (Minor) at 18:08

Overtime #1

7. COLORADO GLACIERCATS , Ryan Ellis 6 (Lars Eller 10, Brayden Schenn 8) at 1:39

Penalties :
No Penalty

Goalie Stats

Robin Lehner (BOI), 35 saves from 39 shots - (0,897), OTL, 0-3-4, 61:40 minutes
David Rittich (COL), 36 saves from 39 shots - (0,923), W, 3-4-0, 61:40 minutes

Players Stats for BOISE CARIBOUS

Player Name              G  A  P  +/- PIM S  H  SB GA TA FO     MP     PP MP  PK MP  
------------------------------------------------------------------------------------
Andre Burakovsky         0  1  1   2  0   4  0  0  0  0  1/2    18:34   5:10   0:00 
Brendan Smith            0  0  0   0  0   0  5  0  0  0  0/1     9:03   0:00   2:01 
Carl Soderberg           0  1  1   0  0   5  2  0  0  0  9/23   19:05   5:10   0:00 
Darren Helm              0  0  0   0  2   1  1  0  0  0  0/0     8:58   0:20   1:37 
Dominik Kubalik          1  1  2   2  2   4  0  0  0  0  0/1    17:26   4:25   0:00 
Erik Cernak              0  0  0   1  0   1  3  0  0  0  0/0    18:48   0:00   3:33 
Joakim Ryan              0  0  0   0  2   1  0  1  0  0  0/0    18:12   0:00   2:32 
John Klingberg           0  1  1   1  0   0  0  3  0  0  0/0    21:14   4:47   0:20 
Kyle Turris              0  0  0   0  0   3  0  0  0  0  4/13   10:41   4:25   0:00 
Lawson Crouse            0  0  0  -2  0   2  2  0  0  0  0/1    15:34   4:25   0:00 
Mike Reilly              0  0  0  -1  0   0  6  0  0  0  0/0    13:20   0:00   0:00 
Patrick Marleau          0  0  0  -2  0   2  0  0  0  0  0/0    15:39   4:30   0:00 
Phil Kessel              0  1  1  -1  0   3  0  0  0  0  0/6    20:06   5:25   0:58 
Radek Faksa              1  1  2   2  0   4  1  0  0  0  11/24  16:07   0:20   2:45 
Rasmus Andersson         0  0  0  -1  0   0  1  6  0  0  0/0    20:27   0:38   3:28 
Theodor Blueger          0  0  0  -2  0   1  0  0  0  0  14/25  15:17   0:00   3:22 
Tom Wilson               1  0  1  -1  0   6  2  3  0  0  0/1    22:47   5:30   3:04 
Will Butcher             0  0  0  -1  0   2  2  0  0  0  0/0    17:50   4:30   0:00 

Players Stats for COLORADO GLACIERCATS

Player Name              G  A  P  +/- PIM S  H  SB GA TA FO     MP     PP MP  PK MP  
------------------------------------------------------------------------------------
Alex Iafallo             0  0  0  -3  0   4  0  0  0  0  0/0    17:56   2:23   0:00 
Brayden Schenn           0  2  2   3  0   7  1  0  0  0  1/2    19:18   3:26   0:00 
Devon Toews              0  1  1   1  0   0  1  1  0  0  0/0    22:48   2:54   4:59 
Dustin Brown             0  1  1   1  0   2  0  0  0  0  0/0     8:30   0:00   0:00 
Ilya Lyubushkin          0  0  0  -1  2   0  1  0  0  0  0/0    12:30   0:00   0:03 
Joel Edmundson           0  0  0   0  4   2  1  1  0  0  0/0    23:56   2:55   2:58 
Joonas Donskoi           1  0  1   1  0   3  1  0  0  0  0/3    15:50   2:23   4:57 
Jordan Martinook         0  0  0   0  0   0  0  0  0  0  0/0     4:49   0:00   0:00 
Lars Eller               0  1  1  -2  0   1  2  0  0  0  23/36  23:34   2:23   5:02 
Leon Draisaitl           0  0  0  -3  0   4  0  0  0  0  4/9    22:06   3:26   1:55 
Luke Glendening          0  0  0   1  4   0  3  0  0  0  8/14   11:31   0:00   3:03 
Nathan Beaulieu          0  1  1   0  0   1  3  4  0  0  0/0    21:48   0:00   4:55 
Ross Johnston            0  0  0   0  0   0  1  1  0  0  1/1     4:49   0:00   0:00 
Ryan Ellis               1  1  2   2  0   8  0  0  0  0  0/0    23:18   2:54   4:53 
Sam Gagner               0  0  0   0  0   1  0  0  0  0  2/5     4:49   0:00   0:00 
Tomas Hertl              2  0  2   2  0   6  0  0  0  0  19/27  24:47   3:26   4:53 
Zach Aston-Reese         0  0  0   2  0   0  0  0  0  0  0/0    15:24   0:00   0:00 
Zach Bogosian            0  0  0  -1  0   0  0  2  0  0  0/0    17:25   2:55   2:02 

3 Stars

1 - Tomas Hertl (COL)
2 - Ryan Ellis (COL)
3 - Radek Faksa (BOI)

Power Play

BOISE CARIBOUS - 0 on 5 Attempt(s) - 0,00%
COLORADO GLACIERCATS - 0 on 3 Attempt(s) - 0,00%

Penalty Kill

BOISE CARIBOUS - 3 on 3 Attempt(s) - 100,00% - Score 0 goal in Penalty Kill
COLORADO GLACIERCATS - 5 on 5 Attempt(s) - 100,00% - Score 0 goal in Penalty Kill

Team Stat

BOISE CARIBOUS - Hits : 25 - Faceoff Wins : 39 - Blocked Shots : 13 - Penalty Minutes : 6
COLORADO GLACIERCATS - Hits : 14 - Faceoff Wins : 58 - Blocked Shots : 9 - Penalty Minutes : 10

Official

Referees : Robert Hennessey and Justin Kea
Linesman : Scott Driscoll and Glen Cooke

Game Notes

No Game Note

Finance

Level 1 -- Attendance: 8500 (100,00%) -- Ticket Income 1 020 000 $
Level 2 -- Attendance: 6000 (100,00%) -- Ticket Income 630 000 $
Level 3 -- Attendance: 2762 (92,07%) -- Ticket Income 220 960 $
Level 4 -- Attendance: 4384 (87,68%) -- Ticket Income 263 040 $
Luxury Box -- Attendance: 1100 (100,00%) -- Ticket Income 324 500 $
Game was played at the GC Place.
Total Attendance: 22746 (96,38%)
Total Ticket Income: 2 458 500 $
Other Income: 860 475 $
Total Income: 3 318 975 $

BOISE CARIBOUS

5 vs 5 Forward 
   Center                   Left Wing                Right Wing               Time % Phy DF OF 
 1 Carl Soderberg           Phil Kessel              Tom Wilson               31     0   2  3  
 2 Radek Faksa              Dominik Kubalik          Andre Burakovsky         30     0   2  3  
 3 Theodor Blueger          Lawson Crouse            Patrick Marleau          24     1   2  2  
 4 Kyle Turris              Darren Helm              Brendan Smith            15     1   4  0  

5 vs 5 Defense 
   Defense                  Defense                                           Time % Phy DF OF 
 1 Erik Cernak              John Klingberg                                    36     1   2  2  
 2 Joakim Ryan              Rasmus Andersson                                  33     1   2  2  
 3 Mike Reilly              Will Butcher                                      25     1   3  1  
 4 Will Butcher             Mike Reilly                                       6      0   3  2  

PowerPlay Forward 
   Center                   Left Wing                Right Wing               Time % Phy DF OF 
 1 Carl Soderberg           Andre Burakovsky         Tom Wilson               55     0   1  4  
 2 Kyle Turris              Lawson Crouse            Dominik Kubalik          45     0   2  3  

PowerPlay Defense
   Defense                  Defense                                           Time % Phy DF OF 
 1 John Klingberg           Phil Kessel                                       55     0   1  4  
 2 Will Butcher             Patrick Marleau                                   45     0   2  3  

Penalty Kill 4 Players Forward 
   Center                   Wing                     Time % Phy DF OF 
 1 Radek Faksa              Darren Helm              55     0   5  0  
 2 Theodor Blueger          Tom Wilson               45     0   5  0  

Penalty Kill 4 Players Defense
   Defense                  Defense                  Time % Phy DF OF 
 1 Erik Cernak              Brendan Smith            55     0   5  0  
 2 Rasmus Andersson         Joakim Ryan              45     0   5  0  

Penalty Kill - 3 Players Forward 
   Forward                                           Time % Phy DF OF 
 1 Theodor Blueger                                   55     1   4  0  
 2 Radek Faksa                                       45     1   4  0  

Penalty Kill - 3 Players Defense
   Defense                  Defense                  Time % Phy DF OF 
 1 Erik Cernak              Rasmus Andersson         55     1   4  0  
 2 Mike Reilly              John Klingberg           45     1   4  0  

4 vs 4 Forward 
   Center                   Wing                     Time % Phy DF OF 
 1 Kyle Turris              Dominik Kubalik          55     1   2  2  
 2 Carl Soderberg           Andre Burakovsky         45     1   2  2  

4 vs 4 Defense
   Defense                  Defense                  Time % Phy DF OF 
 1 Will Butcher             Mike Reilly              55     1   2  2  
 2 John Klingberg           Tom Wilson               45     1   2  2  

Last Minutes Offensive
   Center                   Left Wing                Right Wing               Defense                  Defense                  
   Carl Soderberg           Andre Burakovsky         Tom Wilson               John Klingberg           Rasmus Andersson         

Last Minutes Defensive
   Center                   Left Wing                Right Wing               Defense                  Defense                  
   Radek Faksa              Darren Helm              Tom Wilson               Erik Cernak              Rasmus Andersson         

Goaltenders
Starting : Robin Lehner             
Backup : Alexandar Georgiev       

Extra Forwards
Normal : Lawson Crouse, Phil Kessel, Tom Wilson - PP : Radek Faksa, Lawson Crouse - PK : Phil Kessel
Extra Defensemen
Normal : Erik Cernak, Rasmus Andersson, Mike Reilly - PP : Rasmus Andersson - PK : Brendan Smith, Erik Cernak
Penalty Shots
Andre Burakovsky, Phil Kessel, Dominik Kubalik, Carl Soderberg, Kyle Turris
Custom OT Lines Forwards
Tom Wilson, Carl Soderberg, Phil Kessel, Andre Burakovsky, Dominik Kubalik, Kyle Turris, Patrick Marleau, Lawson Crouse, Radek Faksa, Darren Helm
Custom OT Lines Defensemen
Rasmus Andersson, John Klingberg, Mike Reilly, Will Butcher, Erik Cernak

Scratches
Mario Kempe (Healthy)

COLORADO GLACIERCATS

5 vs 5 Forward 
   Center                   Left Wing                Right Wing               Time % Phy DF OF 
 1 Lars Eller               Alex Iafallo             Leon Draisaitl           38     0   2  3  
 2 Tomas Hertl              Zach Aston-Reese         Brayden Schenn           37     1   2  2  
 3 Luke Glendening          Joonas Donskoi           Dustin Brown             20     0   3  2  
 4 Sam Gagner               Ross Johnston            Jordan Martinook         5      1   3  1  

5 vs 5 Defense 
   Defense                  Defense                                           Time % Phy DF OF 
 1 Ryan Ellis               Devon Toews                                       32     0   3  2  
 2 Joel Edmundson           Nathan Beaulieu                                   32     0   4  1  
 3 Ilya Lyubushkin          Zach Bogosian                                     25     1   4  0  
 4 Nathan Beaulieu          Joel Edmundson                                    11     1   4  0  

PowerPlay Forward 
   Center                   Left Wing                Right Wing               Time % Phy DF OF 
 1 Leon Draisaitl           Tomas Hertl              Brayden Schenn           50     0   0  5  
 2 Lars Eller               Alex Iafallo             Joonas Donskoi           50     0   1  4  

PowerPlay Defense
   Defense                  Defense                                           Time % Phy DF OF 
 1 Ryan Ellis               Devon Toews                                       50     0   1  4  
 2 Joel Edmundson           Zach Bogosian                                     50     0   2  3  

Penalty Kill 4 Players Forward 
   Center                   Wing                     Time % Phy DF OF 
 1 Tomas Hertl              Joonas Donskoi           50     0   4  1  
 2 Lars Eller               Luke Glendening          50     0   4  1  

Penalty Kill 4 Players Defense
   Defense                  Defense                  Time % Phy DF OF 
 1 Ryan Ellis               Joel Edmundson           50     1   4  0  
 2 Devon Toews              Nathan Beaulieu          50     1   4  0  

Penalty Kill - 3 Players Forward 
   Forward                                           Time % Phy DF OF 
 1 Tomas Hertl                                       50     0   5  0  
 2 Lars Eller                                        50     0   5  0  

Penalty Kill - 3 Players Defense
   Defense                  Defense                  Time % Phy DF OF 
 1 Ryan Ellis               Joel Edmundson           50     0   5  0  
 2 Nathan Beaulieu          Zach Bogosian            50     0   5  0  

4 vs 4 Forward 
   Center                   Wing                     Time % Phy DF OF 
 1 Lars Eller               Leon Draisaitl           50     0   1  4  
 2 Tomas Hertl              Brayden Schenn           50     0   1  4  

4 vs 4 Defense
   Defense                  Defense                  Time % Phy DF OF 
 1 Joel Edmundson           Ryan Ellis               50     0   3  2  
 2 Zach Bogosian            Devon Toews              50     0   3  2  

Last Minutes Offensive
   Center                   Left Wing                Right Wing               Defense                  Defense                  
   Tomas Hertl              Brayden Schenn           Leon Draisaitl           Ryan Ellis               Devon Toews              

Last Minutes Defensive
   Center                   Left Wing                Right Wing               Defense                  Defense                  
   Lars Eller               Leon Draisaitl           Luke Glendening          Ryan Ellis               Joel Edmundson           

Goaltenders
Starting : David Rittich            
Backup : Darcy Kuemper            

Extra Forwards
Normal : Tomas Hertl, Leon Draisaitl, Lars Eller - PP : Leon Draisaitl, Dustin Brown - PK : Leon Draisaitl
Extra Defensemen
Normal : Zach Bogosian, Joel Edmundson, Nathan Beaulieu - PP : Nathan Beaulieu - PK : Zach Bogosian, Nathan Beaulieu
Penalty Shots
Leon Draisaitl, Brayden Schenn, Tomas Hertl, Alex Iafallo, Joonas Donskoi
Custom OT Lines Forwards
Leon Draisaitl, Tomas Hertl, Lars Eller, Brayden Schenn, Alex Iafallo, Joonas Donskoi, Dustin Brown, Luke Glendening, Zach Aston-Reese, Sam Gagner
Custom OT Lines Defensemen
Ryan Ellis, Joel Edmundson, Devon Toews, Nathan Beaulieu, Zach Bogosian

Scratches
None


% Time on Ice - BOISE CARIBOUS

Lines # - Real PCT - Wanted PCT - Time Play
Normal Forward
1 - 29% - 31% - 13:03
2 - 29% - 30% - 13:02
3 - 25% - 24% - 11:09
4 - 16% - 15% - 7:02
Normal Defense
1 - 34% - 36% - 15:15
2 - 35% - 33% - 15:41
3 - 26% - 25% - 11:38
4 - 4% - 6% - 1:42
PP Forward
1 - 55% - 55% - 5:30
2 - 45% - 45% - 4:25
PP Defense
1 - 55% - 55% - 5:25
2 - 45% - 45% - 4:30
PK Forward
1 - 47% - 55% - 2:45
2 - 53% - 45% - 3:04
PK Defense
1 - 37% - 55% - 2:09
2 - 63% - 45% - 3:40
PK3 Forward
1 - 100% - 55% - 0:08
2 - 0% - 45% - 0:00
PK3 Defense
1 - 100% - 55% - 0:08
2 - 0% - 45% - 0:00
44 Forward
1 - 0% - 55%
2 - 0% - 45%
44 Defense
1 - 0% - 55%
2 - 0% - 45%
Last Minute Offensive  - 0:00
Last Minute Defensive  - 0:00
Total
Forward - 60:08
Defense - 60:08

% Time on Ice - COLORADO GLACIERCATS

Lines # - Real PCT - Wanted PCT - Time Play
Normal Forward
1 - 35% - 38% - 15:33
2 - 35% - 37% - 15:24
3 - 19% - 20% - 8:30
4 - 11% - 5% - 4:49
Normal Defense
1 - 34% - 32% - 14:55
2 - 32% - 32% - 14:05
3 - 28% - 25% - 12:28
4 - 6% - 11% - 2:48
PP Forward
1 - 59% - 50% - 3:26
2 - 41% - 50% - 2:23
PP Defense
1 - 50% - 50% - 2:54
2 - 50% - 50% - 2:55
PK Forward
1 - 49% - 50% - 4:53
2 - 51% - 50% - 5:02
PK Defense
1 - 50% - 50% - 4:56
2 - 50% - 50% - 4:59
PK3 Forward
1 - 0% - 50%
2 - 0% - 50%
PK3 Defense
1 - 0% - 50%
2 - 0% - 50%
44 Forward
1 - 100% - 50% - 0:08
2 - 0% - 50% - 0:00
44 Defense
1 - 100% - 50% - 0:08
2 - 0% - 50% - 0:00
Last Minute Offensive  - 0:00
Last Minute Defensive  - 0:00
Total
Forward - 60:08
Defense - 60:08

Play-by-Play

1st period


0:01 of 1st period - Lars Eller wins face-off versus Carl Soderberg in neutral zone.
0:34 of 1st period - Shot by Carl Soderberg.
0:34 of 1st period - Deflect By Tom Wilson.
0:34 of 1st period - Shot Misses the Net.
0:36 of 1st period - Shot by Erik Cernak.
0:36 of 1st period - Stopped by David Rittich without a rebound.
0:37 of 1st period - Radek Faksa wins face-off versus Tomas Hertl in COLORADO GLACIERCATS zone.
0:37 of 1st period - Minor Penalty to Joel Edmundson for Hooking.
0:38 of 1st period - Tomas Hertl wins face-off versus Kyle Turris in COLORADO GLACIERCATS zone.
0:57 of 1st period - Dominik Kubalik is hit by Nathan Beaulieu and loses puck.
1:00 of 1st period - Shot by Patrick Marleau.
1:00 of 1st period - Shot Misses the Net.
1:02 of 1st period - Shot by Patrick Marleau.
1:02 of 1st period - Stopped by David Rittich without a rebound.
1:03 of 1st period - Carl Soderberg wins face-off versus Joonas Donskoi in COLORADO GLACIERCATS zone.
1:48 of 1st period - Shot by Andre Burakovsky.
1:48 of 1st period - Stopped by David Rittich without a rebound.
1:49 of 1st period - Kyle Turris wins face-off versus Lars Eller in COLORADO GLACIERCATS zone.
1:49 of 1st period - Kyle Turris is hit by Nathan Beaulieu.
1:52 of 1st period - Dominik Kubalik is hit by Nathan Beaulieu and loses puck.
1:59 of 1st period - Shot by Dominik Kubalik.
1:59 of 1st period - Shot Blocked by Devon Toews.
2:01 of 1st period - Shot by Dominik Kubalik.
2:01 of 1st period - Shot Blocked by Nathan Beaulieu.
2:03 of 1st period - Shot by Will Butcher.
2:03 of 1st period - Stopped by David Rittich without a rebound.
2:04 of 1st period - Kyle Turris wins face-off versus Lars Eller in COLORADO GLACIERCATS zone.
2:05 of 1st period - Shot by Dominik Kubalik.
2:05 of 1st period - Deflect By Kyle Turris.
2:05 of 1st period - Stopped by David Rittich without a rebound.
2:06 of 1st period - Lars Eller wins face-off versus Kyle Turris in COLORADO GLACIERCATS zone.
2:11 of 1st period - Lawson Crouse is hit by Luke Glendening and loses puck.
3:06 of 1st period - Shot by Zach Aston-Reese.
3:06 of 1st period - Deflect By Brayden Schenn.
3:06 of 1st period - Shot Blocked by Rasmus Andersson.
3:08 of 1st period - Shot by Tomas Hertl.
3:08 of 1st period - Deflect By Brayden Schenn.
3:08 of 1st period - Stopped by Robin Lehner without a rebound.
3:09 of 1st period - Radek Faksa wins face-off versus Sam Gagner in BOISE CARIBOUS zone.
3:09 of 1st period - Radek Faksa is hit by Ross Johnston.
3:57 of 1st period - Icing by Andre Burakovsky.
3:58 of 1st period - Tomas Hertl wins face-off versus Radek Faksa in BOISE CARIBOUS zone.
4:01 of 1st period - Shot by Tomas Hertl.
4:01 of 1st period - Shot Misses the Net.
4:03 of 1st period - Shot by Tomas Hertl.
4:03 of 1st period - Shot Misses the Net.
4:05 of 1st period - Shot by Ryan Ellis.
4:05 of 1st period - Stopped by Robin Lehner without a rebound.
4:06 of 1st period - Tomas Hertl wins face-off versus Theodor Blueger in BOISE CARIBOUS zone.
4:07 of 1st period - Shot by Brayden Schenn.
4:07 of 1st period - Stopped by Robin Lehner without a rebound.
4:08 of 1st period - Luke Glendening wins face-off versus Theodor Blueger in BOISE CARIBOUS zone.
4:19 of 1st period - Minor Penalty to Luke Glendening for Hooking.
4:20 of 1st period - Tomas Hertl wins face-off versus Carl Soderberg in COLORADO GLACIERCATS zone.
4:34 of 1st period - Off-side.
4:35 of 1st period - Kyle Turris wins face-off versus Lars Eller in neutral zone.
4:46 of 1st period - Shot by Kyle Turris.
4:46 of 1st period - Stopped by David Rittich without a rebound.
4:47 of 1st period - Tomas Hertl wins face-off versus Tom Wilson in COLORADO GLACIERCATS zone.
4:47 of 1st period - Tomas Hertl is hit by Carl Soderberg.
5:48 of 1st period - Icing by Kyle Turris.
5:49 of 1st period - Kyle Turris wins face-off versus Tomas Hertl in BOISE CARIBOUS zone.
5:49 of 1st period - Kyle Turris is hit by Joonas Donskoi.
7:09 of 1st period - Icing by Tomas Hertl.
7:10 of 1st period - Tomas Hertl wins face-off versus Carl Soderberg in COLORADO GLACIERCATS zone.
7:20 of 1st period - Icing by Will Butcher.
7:21 of 1st period - Lars Eller wins face-off versus Carl Soderberg in BOISE CARIBOUS zone.
7:42 of 1st period - Shot by Leon Draisaitl.
7:42 of 1st period - Shot Misses the Net.
7:44 of 1st period - Shot by Joel Edmundson.
7:44 of 1st period - Stopped by Robin Lehner without a rebound.
7:45 of 1st period - Theodor Blueger wins face-off versus Luke Glendening in BOISE CARIBOUS zone.
9:05 of 1st period - Off-side.
9:06 of 1st period - Tomas Hertl wins face-off versus Carl Soderberg in neutral zone.
10:21 of 1st period - Shot by Darren Helm.
10:21 of 1st period - Shot Misses the Net.
10:55 of 1st period - Shot by Radek Faksa.
10:55 of 1st period - Shot Misses the Net.
11:15 of 1st period - Shot by Andre Burakovsky.
11:15 of 1st period - Shot Misses the Net.
11:28 of 1st period - Icing by Zach Aston-Reese.
11:29 of 1st period - Tomas Hertl wins face-off versus Theodor Blueger in COLORADO GLACIERCATS zone.
12:10 of 1st period - Icing by Will Butcher.
12:11 of 1st period - Luke Glendening wins face-off versus Lawson Crouse in BOISE CARIBOUS zone.
12:56 of 1st period - Shot by Luke Glendening.
12:56 of 1st period - Shot Misses the Net.
13:55 of 1st period - Shot by Tom Wilson.
13:55 of 1st period - Shot Misses the Net.
13:57 of 1st period - Shot by Tom Wilson.
13:57 of 1st period - Shot Blocked by Nathan Beaulieu.
14:00 of 1st period - Tom Wilson is hit by Joel Edmundson and loses puck.
14:05 of 1st period - Shot by Carl Soderberg.
14:05 of 1st period - Stopped by David Rittich without a rebound.
14:06 of 1st period - Sam Gagner wins face-off versus Kyle Turris in COLORADO GLACIERCATS zone.
14:06 of 1st period - Sam Gagner is hit by Brendan Smith.
14:14 of 1st period - Shot by Ross Johnston.
14:14 of 1st period - Shot Misses the Net.
14:26 of 1st period - Shot by Ryan Ellis.
14:26 of 1st period - Stopped by Robin Lehner without a rebound.
14:27 of 1st period - Luke Glendening wins face-off versus Carl Soderberg in BOISE CARIBOUS zone.
14:30 of 1st period - Shot by Dustin Brown.
14:30 of 1st period - Stopped by Robin Lehner without a rebound.
14:31 of 1st period - Luke Glendening wins face-off versus Phil Kessel in BOISE CARIBOUS zone.
14:59 of 1st period - Ryan Ellis is hit by Tom Wilson and loses puck.
15:06 of 1st period - Shot by Tom Wilson.
15:06 of 1st period - Stopped by David Rittich without a rebound.
15:07 of 1st period - Radek Faksa wins face-off versus Lars Eller in COLORADO GLACIERCATS zone.
15:34 of 1st period - Shot by Dominik Kubalik.
15:34 of 1st period - Shot Hit the Post.
15:40 of 1st period - Shot by Dominik Kubalik.
15:40 of 1st period - Shot Misses the Net.
15:45 of 1st period - Off-side.
15:46 of 1st period - Tomas Hertl wins face-off versus Theodor Blueger in neutral zone.
16:03 of 1st period - Shot by Tomas Hertl.
16:03 of 1st period - Goal by Tomas Hertl - BOISE CARIBOUS : 0 - COLORADO GLACIERCATS : 1.
16:04 of 1st period - Luke Glendening wins face-off versus Carl Soderberg in neutral zone.
16:06 of 1st period - Dustin Brown is hit by Erik Cernak and loses puck.
16:33 of 1st period - Tom Wilson is hit by Luke Glendening and loses puck.
16:43 of 1st period - Shot by Carl Soderberg.
16:43 of 1st period - Stopped by David Rittich with a rebound.
16:45 of 1st period - Shot by Carl Soderberg.
16:45 of 1st period - Deflect By Tom Wilson.
16:45 of 1st period - Shot Misses the Net.
17:18 of 1st period - Shot by Theodor Blueger.
17:18 of 1st period - Shot Misses the Net.
17:20 of 1st period - Shot by Patrick Marleau.
17:20 of 1st period - Stopped by David Rittich without a rebound.
17:21 of 1st period - Radek Faksa wins face-off versus Lars Eller in COLORADO GLACIERCATS zone.
17:40 of 1st period - Shot by Andre Burakovsky.
17:40 of 1st period - Shot Misses the Net.
17:42 of 1st period - Shot by Will Butcher.
17:42 of 1st period - Shot Blocked by Joel Edmundson.
17:44 of 1st period - Shot by Andre Burakovsky.
17:44 of 1st period - Deflect By Radek Faksa.
17:44 of 1st period - Shot Misses the Net.
18:45 of 1st period - Shot by Tomas Hertl.
18:45 of 1st period - Stopped by Robin Lehner without a rebound.
18:46 of 1st period - Carl Soderberg wins face-off versus Sam Gagner in BOISE CARIBOUS zone.
19:07 of 1st period - Off-side.
19:08 of 1st period - Tomas Hertl wins face-off versus Kyle Turris in neutral zone.
19:30 of 1st period - Brayden Schenn is hit by Brendan Smith and loses puck.
Goals for this period are 0 for BOISE CARIBOUS vs 1 for COLORADO GLACIERCATS.
Shots for this period are 10 for BOISE CARIBOUS vs 8 for COLORADO GLACIERCATS.

2nd period


0:01 of 2nd period - Carl Soderberg wins face-off versus Leon Draisaitl in neutral zone.
0:01 of 2nd period - Tom Wilson is hit by Lars Eller.
0:05 of 2nd period - Shot by Phil Kessel.
0:05 of 2nd period - Stopped by David Rittich without a rebound.
0:06 of 2nd period - Lars Eller wins face-off versus Dominik Kubalik in COLORADO GLACIERCATS zone.
0:49 of 2nd period - Shot by Alex Iafallo.
0:49 of 2nd period - Stopped by Robin Lehner with a rebound.
0:51 of 2nd period - Shot by Lars Eller.
0:51 of 2nd period - Shot Blocked by John Klingberg.
1:18 of 2nd period - Ryan Ellis is hit by Will Butcher and loses puck.
1:30 of 2nd period - Tom Wilson is hit by Devon Toews.
1:32 of 2nd period - Shot by Carl Soderberg.
1:32 of 2nd period - Stopped by David Rittich without a rebound.
1:33 of 2nd period - Theodor Blueger wins face-off versus Joonas Donskoi in COLORADO GLACIERCATS zone.
1:41 of 2nd period - Icing by Zach Bogosian.
1:42 of 2nd period - Theodor Blueger wins face-off versus Luke Glendening in COLORADO GLACIERCATS zone.
1:51 of 2nd period - Shot by Lawson Crouse.
1:51 of 2nd period - Stopped by David Rittich without a rebound.
1:52 of 2nd period - Leon Draisaitl wins face-off versus Phil Kessel in COLORADO GLACIERCATS zone.
2:19 of 2nd period - Shot by Lars Eller.
2:19 of 2nd period - Deflect By Leon Draisaitl.
2:19 of 2nd period - Stopped by Robin Lehner without a rebound.
2:20 of 2nd period - Theodor Blueger wins face-off versus Tomas Hertl in BOISE CARIBOUS zone.
2:25 of 2nd period - Shot by Tomas Hertl.
2:25 of 2nd period - Stopped by Robin Lehner without a rebound.
2:26 of 2nd period - Theodor Blueger wins face-off versus Brayden Schenn in BOISE CARIBOUS zone.
2:39 of 2nd period - Shot by Brayden Schenn.
2:39 of 2nd period - Deflect By Tomas Hertl.
2:39 of 2nd period - Goal by Tomas Hertl - BOISE CARIBOUS : 0 - COLORADO GLACIERCATS : 2.
2:40 of 2nd period - Lars Eller wins face-off versus Andre Burakovsky in neutral zone.
2:55 of 2nd period - Shot by Alex Iafallo.
2:55 of 2nd period - Stopped by Robin Lehner without a rebound.
2:56 of 2nd period - Theodor Blueger wins face-off versus Tomas Hertl in BOISE CARIBOUS zone.
2:56 of 2nd period - Theodor Blueger is hit by Brayden Schenn.
3:36 of 2nd period - Icing by Devon Toews.
3:37 of 2nd period - Carl Soderberg wins face-off versus Tomas Hertl in COLORADO GLACIERCATS zone.
4:47 of 2nd period - Shot by Radek Faksa.
4:47 of 2nd period - Stopped by David Rittich with a rebound.
4:49 of 2nd period - Shot by Radek Faksa.
4:49 of 2nd period - Stopped by David Rittich with a rebound.
5:19 of 2nd period - Alex Iafallo is hit by Mike Reilly and loses puck.
5:23 of 2nd period - Icing by Will Butcher.
5:24 of 2nd period - Luke Glendening wins face-off versus Theodor Blueger in BOISE CARIBOUS zone.
5:26 of 2nd period - Dustin Brown is hit by Mike Reilly and loses puck.
5:55 of 2nd period - Shot by Patrick Marleau.
5:55 of 2nd period - Shot Blocked by Zach Bogosian.
5:57 of 2nd period - Shot by Will Butcher.
5:57 of 2nd period - Stopped by David Rittich without a rebound.
5:58 of 2nd period - Carl Soderberg wins face-off versus Sam Gagner in COLORADO GLACIERCATS zone.
6:03 of 2nd period - Shot by Phil Kessel.
6:03 of 2nd period - Stopped by David Rittich with a rebound.
6:11 of 2nd period - Shot by Tom Wilson.
6:11 of 2nd period - Shot Blocked by Ross Johnston.
6:22 of 2nd period - Sam Gagner is hit by Tom Wilson and loses puck.
6:39 of 2nd period - Shot by Tom Wilson.
6:39 of 2nd period - Stopped by David Rittich without a rebound.
6:40 of 2nd period - Tomas Hertl wins face-off versus Radek Faksa in COLORADO GLACIERCATS zone.
6:49 of 2nd period - Shot by Radek Faksa.
6:49 of 2nd period - Shot Blocked by Zach Bogosian.
6:51 of 2nd period - Shot by Radek Faksa.
6:51 of 2nd period - Stopped by David Rittich without a rebound.
6:52 of 2nd period - Lars Eller wins face-off versus Brendan Smith in COLORADO GLACIERCATS zone.
6:52 of 2nd period - Lars Eller is hit by Brendan Smith.
7:57 of 2nd period - Minor Penalty to Darren Helm for Holding.
7:58 of 2nd period - Theodor Blueger wins face-off versus Leon Draisaitl in BOISE CARIBOUS zone.
8:16 of 2nd period - Shot by Tomas Hertl.
8:16 of 2nd period - Stopped by Robin Lehner without a rebound.
8:17 of 2nd period - Radek Faksa wins face-off versus Lars Eller in BOISE CARIBOUS zone.
8:36 of 2nd period - Shot by Ryan Ellis.
8:36 of 2nd period - Stopped by Robin Lehner without a rebound.
8:37 of 2nd period - Radek Faksa wins face-off versus Leon Draisaitl in BOISE CARIBOUS zone.
10:21 of 2nd period - Off-side.
10:22 of 2nd period - Luke Glendening wins face-off versus Carl Soderberg in neutral zone.
10:30 of 2nd period - Shot by Dustin Brown.
10:30 of 2nd period - Stopped by Robin Lehner without a rebound.
10:31 of 2nd period - Carl Soderberg wins face-off versus Luke Glendening in BOISE CARIBOUS zone.
10:38 of 2nd period - Shot by Carl Soderberg.
10:38 of 2nd period - Shot Blocked by Nathan Beaulieu.
10:48 of 2nd period - Shot by Dustin Brown.
10:48 of 2nd period - Deflect By Joonas Donskoi.
10:48 of 2nd period - Goal by Joonas Donskoi - BOISE CARIBOUS : 0 - COLORADO GLACIERCATS : 3.
10:49 of 2nd period - Tomas Hertl wins face-off versus Radek Faksa in neutral zone.
11:10 of 2nd period - Shot by Dominik Kubalik.
11:10 of 2nd period - Stopped by David Rittich without a rebound.
11:11 of 2nd period - Carl Soderberg wins face-off versus Lars Eller in COLORADO GLACIERCATS zone.
11:26 of 2nd period - Shot by Phil Kessel.
11:26 of 2nd period - Stopped by David Rittich without a rebound.
11:27 of 2nd period - Tomas Hertl wins face-off versus Radek Faksa in COLORADO GLACIERCATS zone.
11:27 of 2nd period - Brayden Schenn is hit by Radek Faksa and loses puck.
11:43 of 2nd period - Brayden Schenn is hit by Mike Reilly and loses puck.
12:02 of 2nd period - Shot by Brayden Schenn.
12:02 of 2nd period - Stopped by Robin Lehner with a rebound.
12:04 of 2nd period - Shot by Nathan Beaulieu.
12:04 of 2nd period - Stopped by Robin Lehner with a rebound.
12:17 of 2nd period - Icing by Will Butcher.
12:18 of 2nd period - Radek Faksa wins face-off versus Lars Eller in BOISE CARIBOUS zone.
12:39 of 2nd period - Shot by Leon Draisaitl.
12:39 of 2nd period - Shot Misses the Net.
12:55 of 2nd period - Shot by Tom Wilson.
12:55 of 2nd period - Stopped by David Rittich without a rebound.
12:56 of 2nd period - Theodor Blueger wins face-off versus Luke Glendening in COLORADO GLACIERCATS zone.
13:05 of 2nd period - Shot by Lawson Crouse.
13:05 of 2nd period - Stopped by David Rittich without a rebound.
13:06 of 2nd period - Brayden Schenn wins face-off versus Kyle Turris in COLORADO GLACIERCATS zone.
13:10 of 2nd period - Tomas Hertl is hit by Erik Cernak and loses puck.
13:30 of 2nd period - Joel Edmundson is hit by Brendan Smith and loses puck.
13:34 of 2nd period - Tomas Hertl is hit by Brendan Smith and loses puck.
13:55 of 2nd period - Joel Edmundson is hit by Darren Helm and loses puck.
14:16 of 2nd period - Shot by Leon Draisaitl.
14:16 of 2nd period - Stopped by Robin Lehner without a rebound.
14:17 of 2nd period - Radek Faksa wins face-off versus Luke Glendening in BOISE CARIBOUS zone.
14:32 of 2nd period - Shot by Andre Burakovsky.
14:32 of 2nd period - Stopped by David Rittich with a rebound.
14:34 of 2nd period - Shot by Joakim Ryan.
14:34 of 2nd period - Shot Misses the Net.
14:42 of 2nd period - Shot by Dominik Kubalik.
14:42 of 2nd period - Stopped by David Rittich without a rebound.
14:43 of 2nd period - Lars Eller wins face-off versus Carl Soderberg in COLORADO GLACIERCATS zone.
15:00 of 2nd period - Shot by Tom Wilson.
15:00 of 2nd period - Deflect By Carl Soderberg.
15:00 of 2nd period - Stopped by David Rittich without a rebound.
15:01 of 2nd period - Theodor Blueger wins face-off versus Joonas Donskoi in COLORADO GLACIERCATS zone.
15:22 of 2nd period - Shot by Joonas Donskoi.
15:22 of 2nd period - Shot Blocked by Rasmus Andersson.
15:24 of 2nd period - Shot by Luke Glendening.
15:24 of 2nd period - Shot Blocked by Rasmus Andersson.
15:32 of 2nd period - Shot by Joonas Donskoi.
15:32 of 2nd period - Stopped by Robin Lehner without a rebound.
15:33 of 2nd period - Lars Eller wins face-off versus Phil Kessel in BOISE CARIBOUS zone.
16:37 of 2nd period - Off-side.
16:38 of 2nd period - Tomas Hertl wins face-off versus Radek Faksa in neutral zone.
17:13 of 2nd period - Shot by Tomas Hertl.
17:13 of 2nd period - Shot Misses the Net.
17:47 of 2nd period - Shot by Joonas Donskoi.
17:47 of 2nd period - Shot Misses the Net.
17:55 of 2nd period - Shot by Joonas Donskoi.
17:55 of 2nd period - Stopped by Robin Lehner without a rebound.
17:56 of 2nd period - Lars Eller wins face-off versus Kyle Turris in BOISE CARIBOUS zone.
18:07 of 2nd period - Shot by Lars Eller.
18:07 of 2nd period - Stopped by Robin Lehner without a rebound.
18:08 of 2nd period - Ross Johnston wins face-off versus Theodor Blueger in BOISE CARIBOUS zone.
18:18 of 2nd period - Sam Gagner is hit by Mike Reilly and loses puck.
18:22 of 2nd period - Jordan Martinook is hit by Mike Reilly and loses puck.
18:27 of 2nd period - Shot by Sam Gagner.
18:27 of 2nd period - Stopped by Robin Lehner without a rebound.
18:28 of 2nd period - Lars Eller wins face-off versus Carl Soderberg in BOISE CARIBOUS zone.
18:45 of 2nd period - Shot by Tom Wilson.
18:45 of 2nd period - Goal by Tom Wilson - BOISE CARIBOUS : 1 - COLORADO GLACIERCATS : 3.
18:46 of 2nd period - Tomas Hertl wins face-off versus Theodor Blueger in neutral zone.
18:54 of 2nd period - Shot by Joel Edmundson.
18:54 of 2nd period - Stopped by Robin Lehner with a rebound.
19:45 of 2nd period - Icing by Rasmus Andersson.
19:46 of 2nd period - Lars Eller wins face-off versus Theodor Blueger in BOISE CARIBOUS zone.
19:51 of 2nd period - Shot by Alex Iafallo.
19:51 of 2nd period - Shot Blocked by Rasmus Andersson.
19:54 of 2nd period - Icing by Rasmus Andersson.
19:55 of 2nd period - Lars Eller wins face-off versus Theodor Blueger in BOISE CARIBOUS zone.
19:56 of 2nd period - Shot by Leon Draisaitl.
19:56 of 2nd period - Shot Blocked by Rasmus Andersson.
Goals for this period are 1 for BOISE CARIBOUS vs 2 for COLORADO GLACIERCATS.
Shots for this period are 17 for BOISE CARIBOUS vs 17 for COLORADO GLACIERCATS.

3rd period


0:01 of 3rd period - Lars Eller wins face-off versus Radek Faksa in neutral zone.
0:07 of 3rd period - Off-side.
0:08 of 3rd period - Lars Eller wins face-off versus Radek Faksa in neutral zone.
0:26 of 3rd period - Shot by Dominik Kubalik.
0:26 of 3rd period - Goal by Dominik Kubalik - BOISE CARIBOUS : 2 - COLORADO GLACIERCATS : 3.
0:27 of 3rd period - Tomas Hertl wins face-off versus Phil Kessel in neutral zone.
0:38 of 3rd period - Shot by Brayden Schenn.
0:38 of 3rd period - Stopped by Robin Lehner without a rebound.
0:39 of 3rd period - Lars Eller wins face-off versus Radek Faksa in BOISE CARIBOUS zone.
1:20 of 3rd period - Shot by Leon Draisaitl.
1:20 of 3rd period - Deflect By Alex Iafallo.
1:20 of 3rd period - Stopped by Robin Lehner without a rebound.
1:21 of 3rd period - Tomas Hertl wins face-off versus Carl Soderberg in BOISE CARIBOUS zone.
1:32 of 3rd period - Shot by Brayden Schenn.
1:32 of 3rd period - Stopped by Robin Lehner with a rebound.
2:29 of 3rd period - Icing by Rasmus Andersson.
2:30 of 3rd period - Theodor Blueger wins face-off versus Lars Eller in BOISE CARIBOUS zone.
2:41 of 3rd period - Minor Penalty to Joel Edmundson for Holding.
2:42 of 3rd period - Lars Eller wins face-off versus Kyle Turris in COLORADO GLACIERCATS zone.
2:42 of 3rd period - Lars Eller is hit by Lawson Crouse.
2:48 of 3rd period - Lawson Crouse is hit by Luke Glendening and loses puck.
2:57 of 3rd period - Luke Glendening is hit by Lawson Crouse and loses puck.
3:12 of 3rd period - Shot by Dominik Kubalik.
3:12 of 3rd period - Stopped by David Rittich without a rebound.
3:13 of 3rd period - Tomas Hertl wins face-off versus Carl Soderberg in COLORADO GLACIERCATS zone.
3:39 of 3rd period - Shot by Andre Burakovsky.
3:39 of 3rd period - Shot Misses the Net.
4:09 of 3rd period - Lars Eller is hit by Carl Soderberg and loses puck.
4:31 of 3rd period - Icing by John Klingberg.
4:32 of 3rd period - Lars Eller wins face-off versus Kyle Turris in BOISE CARIBOUS zone.
4:44 of 3rd period - Icing by Darren Helm.
4:45 of 3rd period - Sam Gagner wins face-off versus Kyle Turris in BOISE CARIBOUS zone.
4:50 of 3rd period - Shot by Sam Gagner.
4:50 of 3rd period - Deflect By Jordan Martinook.
4:50 of 3rd period - Shot Misses the Net.
5:05 of 3rd period - Minor Penalty to Joakim Ryan for Hooking.
5:06 of 3rd period - Lars Eller wins face-off versus Radek Faksa in BOISE CARIBOUS zone.
5:07 of 3rd period - Shot by Ryan Ellis.
5:07 of 3rd period - Stopped by Robin Lehner with a rebound.
6:13 of 3rd period - Leon Draisaitl is hit by Erik Cernak and loses puck.
6:50 of 3rd period - Shot by Alex Iafallo.
6:50 of 3rd period - Stopped by Robin Lehner without a rebound.
6:51 of 3rd period - Lars Eller wins face-off versus Radek Faksa in BOISE CARIBOUS zone.
6:52 of 3rd period - Shot by Ryan Ellis.
6:52 of 3rd period - Stopped by Robin Lehner without a rebound.
6:53 of 3rd period - Leon Draisaitl wins face-off versus Radek Faksa in BOISE CARIBOUS zone.
7:12 of 3rd period - Shot by Andre Burakovsky.
7:12 of 3rd period - Stopped by David Rittich without a rebound.
7:13 of 3rd period - Luke Glendening wins face-off versus Radek Faksa in COLORADO GLACIERCATS zone.
7:25 of 3rd period - Joonas Donskoi is hit by Mike Reilly and loses puck.
7:39 of 3rd period - Joonas Donskoi is hit by Will Butcher and loses puck.
7:52 of 3rd period - Shot by Joonas Donskoi.
7:52 of 3rd period - Shot Misses the Net.
8:30 of 3rd period - Shot by Tom Wilson.
8:30 of 3rd period - Shot Misses the Net.
8:51 of 3rd period - Off-side.
8:52 of 3rd period - Theodor Blueger wins face-off versus Tomas Hertl in neutral zone.
10:06 of 3rd period - Minor Penalty to Luke Glendening for Roughing.
10:07 of 3rd period - Lars Eller wins face-off versus Carl Soderberg in COLORADO GLACIERCATS zone.
10:18 of 3rd period - Shot by Leon Draisaitl.
10:18 of 3rd period - Stopped by Robin Lehner without a rebound.
10:19 of 3rd period - Tomas Hertl wins face-off versus Carl Soderberg in BOISE CARIBOUS zone.
12:22 of 3rd period - Kyle Turris is hit by Ilya Lyubushkin and loses puck.
12:31 of 3rd period - Shot by Kyle Turris.
12:31 of 3rd period - Stopped by David Rittich with a rebound.
12:33 of 3rd period - Shot by Joakim Ryan.
12:33 of 3rd period - Stopped by David Rittich with a rebound.
12:35 of 3rd period - Shot by Darren Helm.
12:35 of 3rd period - Stopped by David Rittich with a rebound.
12:50 of 3rd period - Minor Penalty to Ilya Lyubushkin for Hooking.
12:51 of 3rd period - Carl Soderberg wins face-off versus Lars Eller in COLORADO GLACIERCATS zone.
12:52 of 3rd period - Shot by Tom Wilson.
12:52 of 3rd period - Stopped by David Rittich without a rebound.
12:53 of 3rd period - Andre Burakovsky wins face-off versus Tomas Hertl in COLORADO GLACIERCATS zone.
13:24 of 3rd period - Shot by Phil Kessel.
13:24 of 3rd period - Shot Misses the Net.
13:34 of 3rd period - Shot by Joonas Donskoi.
13:34 of 3rd period - Shot Misses the Net.
13:36 of 3rd period - Shot by Tomas Hertl.
13:36 of 3rd period - Shot Blocked by John Klingberg.
14:05 of 3rd period - Shot by Lawson Crouse.
14:05 of 3rd period - Deflect By Dominik Kubalik.
14:05 of 3rd period - Shot Misses the Net.
14:07 of 3rd period - Shot by Dominik Kubalik.
14:07 of 3rd period - Shot Misses the Net.
14:15 of 3rd period - Shot by Patrick Marleau.
14:15 of 3rd period - Shot Misses the Net.
15:07 of 3rd period - Shot by Jordan Martinook.
15:07 of 3rd period - Deflect By Sam Gagner.
15:07 of 3rd period - Shot Misses the Net.
15:26 of 3rd period - Shot by Ross Johnston.
15:26 of 3rd period - Shot Blocked by Joakim Ryan.
15:35 of 3rd period - Off-side.
15:36 of 3rd period - Radek Faksa wins face-off versus Lars Eller in neutral zone.
16:07 of 3rd period - Shot by Radek Faksa.
16:07 of 3rd period - Goal by Radek Faksa - BOISE CARIBOUS : 3 - COLORADO GLACIERCATS : 3.
16:08 of 3rd period - Carl Soderberg wins face-off versus Tomas Hertl in neutral zone.
16:21 of 3rd period - Shot by Carl Soderberg.
16:21 of 3rd period - Shot Misses the Net.
16:23 of 3rd period - Shot by Tom Wilson.
16:23 of 3rd period - Shot Misses the Net.
16:29 of 3rd period - Shot by Tom Wilson.
16:29 of 3rd period - Shot Misses the Net.
16:31 of 3rd period - Shot by John Klingberg.
16:31 of 3rd period - Shot Misses the Net.
16:49 of 3rd period - Shot by Phil Kessel.
16:49 of 3rd period - Shot Hit the Post.
17:03 of 3rd period - Shot by Lawson Crouse.
17:03 of 3rd period - Shot Blocked by Nathan Beaulieu.
17:14 of 3rd period - Icing by Joakim Ryan.
17:15 of 3rd period - Theodor Blueger wins face-off versus Leon Draisaitl in BOISE CARIBOUS zone.
17:15 of 3rd period - Theodor Blueger is hit by Lars Eller.
17:18 of 3rd period - Icing by Rasmus Andersson.
17:19 of 3rd period - Theodor Blueger wins face-off versus Lars Eller in BOISE CARIBOUS zone.
17:29 of 3rd period - Shot by Leon Draisaitl.
17:29 of 3rd period - Stopped by Robin Lehner with a rebound.
17:45 of 3rd period - Shot by Theodor Blueger.
17:45 of 3rd period - Stopped by David Rittich without a rebound.
17:46 of 3rd period - Radek Faksa wins face-off versus Luke Glendening in COLORADO GLACIERCATS zone.
18:08 of 3rd period - Minor Penalty to Dominik Kubalik for Hooking.
18:09 of 3rd period - Leon Draisaitl wins face-off versus Radek Faksa in BOISE CARIBOUS zone.
18:34 of 3rd period - Shot by Tomas Hertl.
18:34 of 3rd period - Stopped by Robin Lehner without a rebound.
18:35 of 3rd period - Theodor Blueger wins face-off versus Lars Eller in BOISE CARIBOUS zone.
18:44 of 3rd period - Shot by Ryan Ellis.
18:44 of 3rd period - Stopped by Robin Lehner with a rebound.
19:12 of 3rd period - Shot by Tom Wilson.
19:12 of 3rd period - Stopped by David Rittich without a rebound.
19:13 of 3rd period - Radek Faksa wins face-off versus Leon Draisaitl in COLORADO GLACIERCATS zone.
19:28 of 3rd period - Shot by Tomas Hertl.
19:28 of 3rd period - Deflect By Brayden Schenn.
19:28 of 3rd period - Stopped by Robin Lehner without a rebound.
19:29 of 3rd period - Leon Draisaitl wins face-off versus Theodor Blueger in BOISE CARIBOUS zone.
19:29 of 3rd period - Brayden Schenn is hit by Rasmus Andersson and loses puck.
19:42 of 3rd period - Shot by Leon Draisaitl.
19:42 of 3rd period - Shot Misses the Net.
19:44 of 3rd period - Shot by Tomas Hertl.
19:44 of 3rd period - Shot Blocked by Rasmus Andersson.
19:46 of 3rd period - Shot by Joel Edmundson.
19:46 of 3rd period - Shot Misses the Net.
19:48 of 3rd period - Shot by Leon Draisaitl.
19:48 of 3rd period - Shot Misses the Net.
19:50 of 3rd period - Shot by Joel Edmundson.
19:50 of 3rd period - Shot Blocked by Tom Wilson.
Goals for this period are 2 for BOISE CARIBOUS vs 0 for COLORADO GLACIERCATS.
Shots for this period are 10 for BOISE CARIBOUS vs 11 for COLORADO GLACIERCATS.

Overtime #1


0:01 of 1st overtime period - Lars Eller wins face-off versus Theodor Blueger in neutral zone.
0:12 of 1st overtime period - Shot by Leon Draisaitl.
0:12 of 1st overtime period - Shot Blocked by John Klingberg.
0:24 of 1st overtime period - Shot by Carl Soderberg.
0:24 of 1st overtime period - Stopped by David Rittich with a rebound.
0:45 of 1st overtime period - Shot by Leon Draisaitl.
0:45 of 1st overtime period - Shot Misses the Net.
1:09 of 1st overtime period - Shot by Andre Burakovsky.
1:09 of 1st overtime period - Shot Misses the Net.
1:11 of 1st overtime period - Shot by Andre Burakovsky.
1:11 of 1st overtime period - Stopped by David Rittich without a rebound.
1:12 of 1st overtime period - Lars Eller wins face-off versus Phil Kessel in COLORADO GLACIERCATS zone.
1:21 of 1st overtime period - Shot by Ryan Ellis.
1:21 of 1st overtime period - Stopped by Robin Lehner without a rebound.
1:22 of 1st overtime period - Lars Eller wins face-off versus Phil Kessel in BOISE CARIBOUS zone.
1:25 of 1st overtime period - Shot by Brayden Schenn.
1:25 of 1st overtime period - Stopped by Robin Lehner with a rebound.
1:27 of 1st overtime period - Shot by Brayden Schenn.
1:27 of 1st overtime period - Shot Misses the Net.
1:33 of 1st overtime period - Shot by Lars Eller.
1:33 of 1st overtime period - Shot Blocked by Tom Wilson.
1:35 of 1st overtime period - Shot by Lars Eller.
1:35 of 1st overtime period - Shot Misses the Net.
1:37 of 1st overtime period - Shot by Lars Eller.
1:37 of 1st overtime period - Shot Blocked by Tom Wilson.
1:39 of 1st overtime period - Shot by Ryan Ellis.
1:39 of 1st overtime period - Goal by Ryan Ellis - BOISE CARIBOUS : 3 - COLORADO GLACIERCATS : 4.
Goals for this period are 0 for BOISE CARIBOUS vs 1 for COLORADO GLACIERCATS.
Shots for this period are 2 for BOISE CARIBOUS vs 3 for COLORADO GLACIERCATS.


JOHNNY
GAUDREAU
MATTHEW
BOLDY
OWEN
TIPPETT

EAST COAST

HOCKEY LEAGUE

  • 29.PIT6MAN7
  • 30.ATL6NHW2
  • 31.WOR4PET3
  • 32.3RHI4
  • 33.CHIQUE
  • 34.LIMCHA
  • 35.LONTRV
  • 36.BALCHW